Felix, chaotic male elven Priest ---- -..| --- --- ---- --- ..-- --.---- ----.----..| ---.-- -...| ---.....------.....--...| |....----- ---...-- |......................- ---........--|......| ---.---.----......--....-- |...........--.....- |.[.| --- |-.....||.....- |.................-----.--- -..|.--|----...| -.^....................-- |...|...| |..-- ---------...........--------.-- ---.|.-.--- ---- -...GGGh(...@...........| |....---- |.......| ----------------........| --.......-- |.......--- ..........| |.........| |.........| ............| |-.%......--- ---.---...--- -.--...--.|..- ---...).......| |...|.....-- |...|----...|.....--.|....| ---.--.|...- ----- --- |......|---...-- |...---...| ........| --...--------.----..| |....---.-- ---.^...| |.>..|..| ---.- --- ---- .| ---..|--- -- -- --- Felix the Acolyte Experience level: 3 Strength: 15 Dexterity: 8 Constitution: 13 Intelligence: 9 Wisdom: 20 Charisma: 11 Health: 0(21) Energy: 21(21) Def: 6 Gold: 75 Moves: 1620 Dungeon seed: ydkZXlu6B1f0B8Lr Game ID: Felix_1615513458 Your Inventory: Coins $ - 75 gold pieces Weapons a - a blessed +1 mace (weapon in hand) o - a +0 orcish dagger (in quiver) Armor e - a +0 robe (being worn) n - a +0 small shield (being worn) q - a +0 orcish helm (being worn) Y - a +0 pair of iron shoes (being worn) Comestibles c - a clove of garlic d - a sprig of wolfsbane l - 2 food rations m - a lembas wafer F - 3 tripe rations Scrolls v - a cursed scroll of identify Spellbooks f - a spellbook of identify g - a spellbook of extra healing k - a blessed spellbook of healing I - a spellbook of knock Potions p - a potion of full healing r - a cursed potion of see invisible Gems y - an obsidian stone z - a worthless piece of orange glass N - 2 worthless pieces of red glass Spells and supernatural/magical abilities: Name Level Category Fail Memory h - healing 1 healing 0% 94% x - extra healing 3 healing 66% 92% I - identify 3 divination 71% 92% W - pray for help -- divine ? -- X - turn undead -- divine ? -- Your skills at the end: Fighting Skills Weapon Skills mace [Basic] Spellcasting Skills clerical spells [Basic] Final Attributes: You were piously aligned. You had infravision. You are dead. Vanquished creatures: a gnome lord a kitten a dwarf a hobbit 2 giant rats 3 gnomes a kobold 2 goblins 2 sewer rats 3 grid bugs 2 lichens a kobold zombie 2 newts 22 creatures vanquished. Voluntary challenges: You were an atheist. You used a wielded weapon 22 times, starting on turn 111. You read items or engraved 3 times, starting on turn 339. You never genocided any monsters. You never polymorphed an object. You never changed form. You used no wishes. You never split a pudding. You never wrote Elbereth's name. You never violated your personal moral code. Dungeon overview: The Dungeons of Doom: levels 1 to 3 Level 1 an altar to Chih Sung-tzu, some fountains a long staircase Level 2 a general store, a fountain Level 3 stairs to The Gnomish Mines The Gnomish Mines: levels 4 to 5 Level 4 <- You were here stairs to The Dungeons of Doom Level 5 History has recorded: On T:1 you entered the Dungeons of Doom to retrieve the Amulet of Yendor! On T:410 you reached level 2 of The Dungeons of Doom. On T:835 you advanced to experience level 2. On T:1097 you reached level 3 of The Dungeons of Doom. On T:1460 you reached level 1 of The Gnomish Mines. On T:1465 you advanced to experience level 3. On T:1485 you reached level 2 of The Gnomish Mines. Score breakdown: Gold: 75 ( 6397 points) Experience: 3 levels ( 7878 points) Exploration: 5 levels ( 10.64%) ( 8846 points) Discoveries: 11 items ( 3.85%) ( 5883 points) Valuables value: (no points given unless you survive) Artifact value: 0 ( 0 points) Variety of kills: 13 monsters ( 3.41%) ( 5541 points) Turncount: 1620 turns ( 0 points) Survival: died (score multiplied by 80%) Total score: 27636 Latest messages: o - a crude dagger (in quiver). Y - a pair of hard shoes. You start equipping your pair of hard shoes. You hear a distant squeak. You are now wearing a pair of hard shoes. You hear a distant squeak. You stop running. A cloud of gas puts you to sleep! You wake up. The dwarf plays a frost horn! The gnome is killed by the bolt of cold! (2x) The gnome wields a crossbow! You kill the gnome! There are a few objects here. The dwarf plays a frost horn! The bolt of cold hits you! Your potions of holy water freeze and shatter! Your potion of sleeping freezes and shatters! Your potion of restore ability freezes and shatters! Your dark potion freezes and shatters! Elf, your life force is running out. You die... Final status: Goodbye Felix the Priest, killed by a bolt of cold... You died in The Gnomish Mines on dungeon level 4 with 27636 points, and 75 pieces of gold, after 1620 moves. You were level 3 with a maximum of 21 hit points when you died.